 Dungeon Crawl Stone Soup version 0.31.0-1-g2c135a008e (webtiles) character file.

Game seed: 217748273036939419

81 qw the Shooter (level 4, 0/35 HPs)
             Began as a Djinni Hunter on Jan 24, 2024.
             Slain by Terence
             ... wielding a +0 flail
              (6 damage)
             ... on level 3 of the Dungeon.
             The game lasted 00:00:06 (1896 turns).

qw the Shooter (Djinni Hunter)                      Turns: 1896, Time: 00:00:07

Health: 0/35       AC:  3    Str: 10    XL:     4   Next: 67%
Gold:   170        EV: 12    Int: 10    God:
                   SH:  0    Dex: 19

rFire   + + .        a - +0 shortbow
rCold   x . .        (shield currently unavailable)
rNeg    . . .        c - +0 leather armour
rPois   inf          (no helmet)
rElec   .            (no cloak)
rCorr   .            (no gloves)
SInv    .            (boots unavailable)
Will    .....        (no amulet)
Stlth   ++           (no ring)
HPRegen 0.25/turn    (no ring)
MPRegen 0.00/turn

%: infuse magic (-1 HP)
@: flying
A: sickness immunity, fire resistance 2, cold vulnerability 1, float, innate
caster, HP casting, extra vitality 1
a: no special abilities


You were on level 3 of the Dungeon.
You visited 1 branch of the dungeon, and saw 3 of its levels.

You collected 170 gold pieces.


Innate Abilities, Weirdness & Mutations

You are immune to sickness and miasma.
You are immune to poison.
Your flesh is very heat resistant. (rF++)
You are vulnerable to cold. (rC-)
You float through the air rather than walking.
You learn spells naturally, not from books.
Your magical power is your life essence.
You have superior vitality. (+4 MHP)


   Skills:
 - Level 3.1 Fighting
 - Level 4.0 Ranged Weapons
 + Level 2.8 Dodging
 - Level 0.7 Stealth


You knew the following spells:

 Your Spells              Type           Power      Damage    Failure   Level
a - Sandblast             Erth           0%         2d4       45%         1
Your spell library was empty.

Inventory:

Hand Weapons
 a - a +0 shortbow (weapon)
Armour
 c - a +0 leather armour (worn)
Scrolls
 b - a scroll of identify
Potions
 f - 2 potions of might

Dungeon Overview and Level Annotations

Branches:
Dungeon (3/15)

Altars:

Annotations:
D:3 Sigmund, Terence


Message History

Sigmund the Dreaded comes into view.
He is wielding a +0 scythe.
Found a stone staircase leading down.
Sigmund shouts!
Terence the Incautious comes into view.
He is wielding a +0 flail.
You see here 16 gold pieces.
Enter note:
Enter note:
1885 ||| RETREEEEATING.
Enter note:
1886 ||| RETREEEEATING.
You shoot an arrow. The arrow completely misses Sigmund.
You shoot an arrow. The arrow barely misses Sigmund.
Sigmund points at you and mumbles some strange words.
You are confused.
1889 ||| DRINKING purple potion.
It was a potion of curing.
You feel better.
Terence shouts!
You hear a shout!
Enter note: You shoot an arrow.
The arrow hits Sigmund but does no damage.
Sigmund flickers, as though insubstantial.
Enter note:
1891 ||| RETREEEEATING.
Enter note: You shoot an arrow.
The arrow hits Sigmund.
Sigmund is lightly wounded.
Sigmund hits you from afar with a +0 scythe!
You shoot an arrow. The arrow closely misses Sigmund.
Sigmund hits you from afar with a +0 scythe!
You shoot an arrow. The arrow hits Sigmund.
Sigmund is moderately wounded.
Sigmund hits you from afar with a +0 scythe!
Terence barely misses you.
You shoot an arrow. The arrow closely misses Terence.
The arrow barely misses Sigmund.
You shoot an arrow. The arrow hits Terence.
Terence is lightly wounded.
Sigmund hits you from afar with a +0 scythe.
Terence hits you with a +0 flail.
You die...
Terence says, "That felt goooood."

#...........#####..
#.................#
#...........####..#
##...........# #..#
#..........### ##..######
#..........# #......>.>
#..........#####.........
#.............@..$.......
#..........###@.@........
#..#..##.......#......... #
#.%#.....####..........[.
.##....##.#####.##.......!.
.....#.#........##.........
..)........................
............#..########...#
.#...............#
.#...............# ###


You could see Sigmund and Terence.

Vanquished Creatures
  2 adders (D:2)
  4 dart slugs
  4 endoplasms
  3 giant cockroaches
  4 goblins
  7 hobgoblins
  5 jackals
  2 quokkas (D:3)
  4 ball pythons
  5 bats
  5 frilled lizards
  2 kobolds
  4 rats
51 creatures vanquished.

Notes
Turn   | Place    | Note
-------+----------+-------------------------------------------
     0 | D:1      | qw the Djinni Hunter began the quest for the Orb.
     0 | D:1      | Reached XP level 1. HP: 18/18 MP: 0/0
     0 | D:1      | 0 ||| qw: Version: 0.3-a-136-gdd3b4e8
     0 | D:1      | 0 ||| qw: Game counter: 1283
     0 | D:1      | 0 ||| qw: Melee chars always use a shield: true
     0 | D:1      | 0 ||| qw: God list: Okawaru
     0 | D:1      | 0 ||| qw: Allow faded altars: false
     0 | D:1      | 0 ||| qw: Do Orc after clearing Dungeon:15 true
     0 | D:1      | 0 ||| qw: Do second Lair branch before Depths: true
     0 | D:1      | 0 ||| qw: Lair rune preference: random
     0 | D:1      | 0 ||| qw: Goals: Normal
     0 | D:1      | 0 ||| PLANNING D:1-11
    43 | D:1      | Reached XP level 2. HP: 23/23 MP: 0/0
   228 | D:1      | Reached skill level 4 in Ranged Weapons
   228 | D:1      | Reached XP level 3. HP: 27/28 MP: 0/0
   228 | D:1      | Learned a level 1 spell: Sandblast
   593 | D:1      | Found a faded altar of an unknown god.
   909 | D:1      | 909 ||| READING scroll labelled SIV KUPECHOM.
   912 | D:1      | 912 ||| READING 2 scrolls labelled UBRUHY GI XIM.
   912 | D:1      | 912 ||| IDENTIFYING fizzy ruby potion
   913 | D:1      | 913 ||| READING scroll of identify.
   913 | D:1      | 913 ||| IDENTIFYING 2 silvery potions
   914 | D:1      | 914 ||| DROPPING scroll of butterflies.
   915 | D:1      | 915 ||| DROPPING potion of degeneration.
  1228 | D:2      | Reached XP level 4. HP: 20/34 MP: 0/0
  1230 | D:2      | Reached skill level 3 in Fighting
  1781 | D:2      | 1781 ||| READING 2 scrolls labelled FELAER ABONIGO.
  1782 | D:2      | 1782 ||| DRINKING 2 murky brown potions.
  1783 | D:2      | 1783 ||| DRINKING emerald potion.
  1788 | D:2      | 1788 ||| DROPPING scroll of blinking.
  1789 | D:2      | 1789 ||| DROPPING potion of ambrosia.
  1884 | D:3      | Noticed Sigmund
  1884 | D:3      | Noticed Terence
  1885 | D:3      | 1885 ||| RETREEEEATING.
  1886 | D:3      | 1886 ||| RETREEEEATING.
  1889 | D:3      | 1889 ||| DRINKING purple potion.
  1891 | D:3      | 1891 ||| RETREEEEATING.
  1896 | D:3      | HP: 6/35 [Sigmund/+0 scythe (4)]
  1896 | D:3      | Slain by Terence

Levels and vault maps discovered:
D:1:      mushboom_english_gardens, layout_basic, ebering_ecumenical_altar_mist
D:2:      layout_loops_corners, amethyst_killhole
D:3:      kennysheep_the_goblin_king, layout_rooms, uniq_sigmund, uniq_terence

Skill      XL: |  1  2  3  4 |
---------------+-------------+-----
Ranged Weapons | 4 |  4.0
Fighting       | 3 |  3.1
Dodging        | |  2.8
Stealth        | |  0.7

Action                     |  1- 3 |  4- 6 || total
---------------------------+-------+-------++-------
   Fire: Shortbow          |    80 |    56 ||   136
    Use: Scroll            |     3 |     1 ||     4
         Potion            |       |     3 ||     3
 Armour: Leather armour    |    17 |    24 ||    41
  Dodge: Dodged            |    27 |    11 ||    38

Table legend:
 A = Non-vault XP
 B = Vault XP
 C = Vault XP percentage of total XP
 D = Non-vault monster count
 E = Vault monster count
 F = Vault count percentage of total count
                 A         B        C        D         E       F
            +---------+---------+-------+---------+---------+-------
      Total |     116 |       0 |   0.0 |      51 |       0 |   0.0
            +---------+---------+-------+---------+---------+-------
        D:1 |      44 |       0 |   0.0 |      23 |       0 |   0.0
        D:2 |      62 |       0 |   0.0 |      22 |       0 |   0.0
        D:3 |      10 |       0 |   0.0 |       6 |       0 |   0.0
            +---------+---------+-------+---------+---------+-------
